 Dungeon Crawl Stone Soup version 0.23.1 (webtiles) character file.

Game seed: 4758696011904700139

64 Sandy the Sneak (level 3, -1/28 HPs)
             Began as a Deep Dwarf Enchanter on Mar 6, 2019.
             Slain by a quokka (2 damage)
             ... on level 4 of the Dungeon.
             The game lasted 00:03:09 (598 turns).

Sandy the Sneak (Deep Dwarf Enchanter)               Turns: 598, Time: 00:03:09

Health: -1/28      AC:  2    Str: 11    XL:     3   Next: 91%
Magic:  6/6        EV: 12    Int: 15    God:
Gold:   29         SH:  0    Dex: 14    Spells: 4/7 levels left

rFire    . . .     SeeInvis .   a - +1 dagger
rCold    . . .     Gourm    .   (no shield)
rNeg     . . .     Faith    .   b - +0 robe
rPois    .         Spirit   .   (no helmet)
rElec    .         Reflect  .   (no cloak)
rCorr    .         Harm     .   (no gloves)
MR       .....                  (no boots)
Stlth    ++........             (no amulet)
HPRegen  0.00/turn              (no ring)
MPRegen  0.10/turn              (no ring)

@: non-regenerating
A: damage resistance, heal wounds, sense surroundings 1, no regeneration
a: Heal Wounds


You were on level 4 of the Dungeon.
You were not hungry.

You visited 1 branch of the dungeon, and saw 5 of its levels.

You collected 29 gold pieces.

Inventory:

Hand Weapons
 a - a +1 dagger (weapon)
Missiles
 e - 69 stones (quivered)
Armour
 b - a +0 robe (worn)
Magical Staves
 f - an uncursed staff of air
Scrolls
 c - a scroll of identify {unknown}
 h - a scroll of fear {unknown}
 i - a scroll of remove curse {unknown}
Potions
 g - a potion of haste {unknown}
Comestibles
 d - 2 rations


   Skills:
 - Level 0.8 Short Blades
 - Level 2.1 Dodging
 - Level 3.6 Stealth
 * Level 2.6 Spellcasting
 + Level 3.4 Hexes
 + Level 0.2 Ice Magic


You had 4 spell levels left.
You knew the following spells:

 Your Spells              Type           Power        Failure   Level  Hunger
a - Corona                Hex            ##.....      5%          1    #......
b - Ensorcelled Hibernat  Hex/Ice        #.....       16%         2    ###....

Your spell library contained the following spells:

 Spells                   Type           Power        Failure   Level  Hunger
 Confuse                  Hex            ##......     16%         3    ###....
 Tukima's Dance           Hex            ##......     16%         3    ###....
 Dazzling Spray           Conj/Hex       #.....       30%         3    ###....


Dungeon Overview and Level Annotations

Branches:
Dungeon (5/15)
 Temple: D:4-7

Altars:
Trog

Annotations:
D:3 Ijyb


Innate Abilities, Weirdness & Mutations

You are resistant to damage.
You can heal yourself by infusing magical energy.
You passively map a small area around you.
You do not regenerate.


Message History

You hit the hound skeleton.
The hound skeleton is severely damaged.
The hound skeleton bites you. x2
* * * LOW HITPOINT WARNING * * *
You hit the hound skeleton.
The hound skeleton is almost destroyed.
The hound skeleton bites you.
* * * LOW HITPOINT WARNING * * *
You hit the hound skeleton.
You destroy the hound skeleton!
You hit the quokka.
The quokka is moderately wounded.
The quokka barely misses you.
You miss the quokka.
The quokka is moderately wounded.
The quokka barely misses you.
You hit the quokka.
The quokka is severely wounded.
The quokka bites you.
You die...

*#........##
#........# *
###...#....#
,,....#.!.####
###.##..# , ,
,#..†.# * * *
*#.##.## , #
*#r# * * * #@#
#.# * #.# * ,
... , , * .#.
, , ,.. .. *
##,#. * .. , *
,


You could see a quokka.

Vanquished Creatures
  A worker ant (D:4)
  A hound skeleton (D:4)
  An adder (D:2)
  2 leopard geckos (D:2)
  An orc (D:3)
  3 bats
  A goblin (D:2)
  2 hobgoblins (D:3)
  A ball python (D:3)
  A frilled lizard (D:4)
  5 rats
19 creatures vanquished.

Notes
Turn   | Place    | Note
-------+----------+-------------------------------------------
     0 | D:1      | Sandy the Deep Dwarf Enchanter began the quest for the Orb.
     0 | D:1      | Reached XP level 1. HP: 15/15 MP: 3/3
   179 | D:2      | Reached XP level 2. HP: 11/22 MP: 3/5
   183 | D:2      | Learned a level 2 spell: Ensorcelled Hibernation
   451 | D:3      | Noticed Ijyb
   452 | D:3      | Found a bloodstained altar of Trog.
   514 | D:5      | Entered Level 5 of the Dungeon
   515 | D:5      | Noticed a crimson imp
   526 | D:4      | Reached XP level 3. HP: 7/28 MP: 3/6
   594 | D:4      | HP: 1/28 [hound skeleton (1)]
   598 | D:4      | Slain by a quokka

Skill      XL: |  1  2 |
---------------+-------+-----
Spellcasting   | 2 |  2.6
Hexes          | 3 |  3.4
Short Blades   | |  0.8
Dodging        | |  2.1
Stealth        | |  3.6
Ice Magic      | |  0.2

Action                   || total
-------------------------++-------
Melee: Dagger            ||    62
 Cast: Corona            ||     1
       Ensorcelled Hiber ||     5
 Stab: Sleeping          ||     5
Armor: Robe              ||    13
Dodge: Dodged            ||    42
